AoeStats
← 菜就怪隊友

African Clearing

510756339Analyzed
3v3 RM · 1d ago on Oct 2, 2026· 33m 19s· 6 players
Game mode
Random Map
Map size
Normal (6 player)
Population
200
Speed
Normal
Resources
Standard
Victory
Conquest
Starting age
Dark Age
Ending age
Imperial Age
RankedLock teamsTeams togetherTeam positionsShared explorationLock speedFull tech treeHidden civsTurbo modeCheats
Victory
Defeat
🇹🇼 Burmese · Taiwan
1513
+13
🇹🇼 Byzantines · Taiwan
1513
+13
🇹🇼 Huns · Taiwan
1409
+17
🇨🇴 Bulgarians · Colombia
1462
-15
🇨🇱 Mapuche · Chile
1443
-14
🇨🇭 Burgundians · Switzerland
1427
-14
Diegazo
3:15 Loom
14:28 Feudal Age
18:32 Castle Age
16:38 Horse Collar
16:55 Double-Bit Axe
18:02 Fletching
18:33 Gold Mining
22:23 Bodkin Arrow
22:30 Padded Archer Armor
23:22 Ballistics
27:29 Scale Mail Armor
29:17 Leather Archer Armor
30:38 Chain Mail Armor
lorddoc
6:04 Loom
9:21 Double-Bit Axe
13:39 Feudal Age
17:54 Castle Age
16:54 Bow Saw
18:17 Cavalier
20:32 Scale Barding Armor
22:25 Husbandry
24:21 Forging
33:12 Wheelbarrow
Tacris09
6:43 Loom
13:55 Feudal Age
19:20 Fletching
19:32 Arson
22:53 Double-Bit Axe
27:01 Castle Age
24:50 Horse Collar
28:15 Bodkin Arrow
29:16 Forging
29:12 Scale Barding Armor
菜就怪隊友
6:10 Loom
13:00 Feudal Age
13:43 Double-Bit Axe
17:35 Scale Barding Armor
18:52 Fletching
28:19 Castle Age
29:02 Bodkin Arrow
29:49 Bow Saw
mung bean cake
11:45 Loom
13:31 Feudal Age
15:06 Double-Bit Axe
17:55 Castle Age
15:52 Gold Mining
15:54 Fletching
17:32 Padded Archer Armor
17:40 Horse Collar
19:04 Bow Saw
18:57 Bodkin Arrow
20:46 Husbandry
24:52 Leather Archer Armor
26:38 Ballistics
27:15 Town Watch
29:04 Bloodlines
30:57 Heavy Plow
嘎人
10:24 Loom
13:33 Feudal Age
12:16 Loom
17:13 Castle Age
17:34 Padded Archer Armor
18:20 Fishing Lines
21:24 Gold Mining
23:06 Husbandry
23:54 Gold Shaft Mining
24:04 Wheelbarrow
24:12 Bloodlines
28:48 Ballistics
31:10 Horse Collar
32:26 Town Watch
32:44 Town Watch
Connection lost

Rejoining the realm…

Still unreachable

The connection could not be restored.

Session expired

The server has moved on; the page needs a fresh start.